Map: Prion Terraces

Players

EnvyusViolet (viOLet) - Winner!

  • Race: Zerg Zerg
  • League: Grandmaster

iGXiGua (XiGua)

  • Race: Zerg Zerg

Event: 2016 WCS Winter Circuit Championship

VOD

Have the link to the VOD?

Description

Time

  • Played on: March 2, 2016, 12:26 p.m.
  • Length: 8:26

All games in this series

Show
View Real Time Build Order
Export as new Build Order

EnvyusViolet Zerg - Winner!

Build Orders: Pool First 

Get SALT Encoding   

  12  0:18  Spawning Pool  
  11  0:21  Drone  
  11  0:25  Drone  
  13  0:31  Drone  
  14  0:42  Overlord  
  14  1:05  Zergling x6  
  14  1:06  Queen  
  19  1:16  Zergling x2  
  20  1:27  Zergling x2  
  21  1:34  Hatchery  
  21  1:37  Zergling x2  
  21  1:48  Overlord  
  21  2:02  Drone  
  21  2:06  Queen  
  24  2:11  Drone  
  25  2:16  Drone x3  
  29  2:30  Drone  
  27  2:42  Queen  
  29  2:48  Spine Crawler x2  
  27  2:54  Drone x2  
  29  2:59  Drone x2  
  31  3:07  Drone  
  31  3:09  Overlord  
  31  3:11  Drone  
  33  3:16  Drone x2  
  35  3:21  Extractor  
  35  3:26  Extractor, Drone  
  34  3:27  Drone  
  34  3:32  Drone, Overlord  
  34  3:33  Drone  
  37  3:35  Drone  
  37  3:38  Drone  
  37  3:41  Drone  
  39  3:47  Drone  
  40  3:54  Overlord  
  40  3:56  Roach Warren, Drone  
  40  4:05  Drone, Overlord  
  40  4:06  Drone x2  
  40  4:09  Drone  
  44  4:14  Drone x2  
  46  4:30  Overlord  
  46  4:36  Roach x2  
  46  4:37  Roach  
  52  4:40  Roach  
  52  4:43  Hatchery  
  52  4:45  Roach x3  
  59  4:51  Drone  
  60  4:53  Evolution Chamber  
  60  4:57  Drone x2  
  61  5:01  Drone x2  
  61  5:02  Drone x3, Overlord  
  61  5:06  Roach  
  66  5:09  Overlord  
  66  5:11  Drone  
  66  5:14  Extractor  
  64  5:20  Zerg Missile Weapons Level 1  
  64  5:23  Drone, Lair  
  64  5:24  Drone  
  64  5:27  Overlord  
  66  5:33  Roach x2  
  66  5:35  Drone x3  
  72  5:42  Roach x2  
  77  5:51  Roach x2  
  81  5:58  Roach x3  
  81  6:02  Overlord  
  81  6:03  Overlord  
  87  6:06  Roach  
  87  6:10  Roach x3  
  95  6:16  Overlord  
  95  6:21  Glial Reconstitution  
  95  6:23  Overlord x2  
  95  6:24  Roach x3  
  101  6:37  Roach x6  
  101  6:39  Overlord x2  
  113  6:45  Overseer  
  113  6:46  Drone  
  113  6:47  Drone x2  
  116  6:50  Drone x4  
  120  6:56  Extractor  
  120  6:57  Extractor  
  118  7:03  Roach x5  
  128  7:11  Roach  
  128  7:12  Roach x2  
  128  7:14  Overlord  
  134  7:17  Roach x2  
  138  7:26  Roach x4  
  138  7:27  Overlord x3  
  146  7:39  Extractor  
  146  7:40  Overlord  
  146  7:42  Drone  
  146  7:43  Hatchery  
  145  7:46  Drone x2  
  139  7:52  Drone x4  
  139  7:53  Drone  
  139  7:55  Drone x2  
  139  7:57  Drone  
  135  8:01  Drone  
  135  8:02  Drone x3  
  125  8:06  Roach  
Show
View Real Time Build Order
Export as new Build Order

iGXiGua Zerg 

Build Orders: Hatch First 

Get SALT Encoding   

  12  0:00  Drone  
  13  0:08  Drone  
  14  0:17  Overlord  
  14  0:23  Drone, Extractor  
  15  0:35  Drone x2  
  17  0:51  Hatchery  
  17  0:55  Drone  
  17  0:58  Drone  
  17  1:04  Extractor  
  17  1:14  Spawning Pool  
  17  1:17  Drone  
  17  1:20  Drone  
  18  1:27  Drone  
  19  1:38  Overlord  
  19  2:01  Queen, Zergling x4  
  21  2:04  Zergling x2  
  21  2:08  Metabolic Boost  
  26  2:14  Zergling x2  
  26  2:15  Zergling x2  
  28  2:36  Hatchery  
  25  2:38  Drone  
  26  2:45  Drone  
  26  2:50  Queen  
  29  2:53  Drone  
  30  3:01  Overlord  
  30  3:20  Drone x5  
  35  3:27  Drone  
  35  3:36  Drone  
  36  3:44  Roach Warren  
  36  3:47  Drone  
  38  3:49  Drone  
  37  3:57  Extractor  
  37  4:00  Hatchery  
  35  4:05  Drone x2  
  35  4:07  Drone  
  39  4:10  Drone  
  39  4:12  Drone  
  39  4:14  Overlord  
  40  4:20  Queen  
  42  4:25  Zergling x4  
  42  4:30  Overlord  
  43  4:32  Overlord  
  43  4:37  Roach  
  45  4:42  Overlord x2  
  45  4:47  Overlord  
  45  4:50  Roach  
  45  4:52  Overlord  
  47  4:58  Lair  
  47  5:01  Drone  
  47  5:02  Drone  
  47  5:05  Roach  
  50  5:07  Roach  
  50  5:11  Roach  
  50  5:13  Roach  
  55  5:20  Ravager  
  56  5:22  Drone x2  
  56  5:23  Drone  
  56  5:24  Ravager  
  60  5:34  Drone x3  
  60  5:35  Drone  
  64  5:36  Extractor  
  64  5:42  Ravager  
  64  5:43  Evolution Chamber  
  64  5:45  Drone  
  64  5:46  Drone x3  
  64  5:49  Overlord  
  67  5:52  Ravager  
  67  5:53  Overlord  
  68  5:59  Overlord  
  68  6:00  Drone  
  68  6:01  Overlord  
  69  6:05  Drone  
  69  6:06  Glial Reconstitution  
  69  6:08  Drone x3  
  69  6:11  Drone x3  
  74  6:13  Extractor  
  74  6:18  Overlord  
  75  6:19  Zerg Missile Weapons Level 1  
  75  6:20  Overlord  
  75  6:25  Roach  
  76  6:26  Roach  
  76  6:29  Roach  
  76  6:30  Zergling x2  
  76  6:32  Overlord  
  81  6:35  Roach  
  81  6:36  Overlord  
  81  6:40  Roach x2  
  81  6:42  Roach  
  81  6:45  Roach  
  89  6:49  Drone  
  89  6:50  Hatchery, Roach  
  91  6:54  Roach  
  91  6:55  Roach  
  91  6:58  Queen  
  97  7:02  Roach x2  
  97  7:04  Roach x2  
  97  7:05  Overseer  
  105  7:10  Roach x2  
  105  7:12  Roach  
  105  7:13  Overlord  
  111  7:16  Roach x2  
  111  7:21  Drone x3  
  117  7:23  Drone  
  117  7:24  Extractor  
  117  7:26  Roach  
  117  7:27  Roach  
  121  7:35  Roach x5  
  131  7:40  Roach  
  131  7:41  Roach x2  
  137  7:44  Roach x2  
  137  7:48  Roach  
  137  7:49  Roach, Zergling x4  
  139  7:51  Roach  
  139  7:57  Roach x2  
  121  7:59  Roach  
  121  8:00  Roach  
  121  8:02  Roach  
  121  8:05  Roach  
  106  8:06  Roach  
  106  8:07  Roach  
Tags
 
Add a new tag
Caveats
  • Supply blocks, unpowered buildings, or Contaminate may cause inaccurate times.
  • Supply counts are checked every 10 seconds.